 Dungeon Crawl Stone Soup version 0.19-a0-1049-g462a813 (webtiles) character file.

702 mrath the Digger (level 7, 0/36 HPs)
             Began as a Gargoyle Earth Elementalist on July 31, 2016.
             Slain by Pikel
             ... wielding a +1 whip of flaming
              (4 damage)
             ... on level 4 of the Dungeon.
             The game lasted 00:33:29 (5891 turns).

mrath the Digger (Gargoyle Earth Elementalist)      Turns: 5891, Time: 00:33:30

Health: 0/36       AC:  6    Str: 12    XL:     7   Next: 66%
Magic:  0/15       EV: 12    Int: 21    God:
Gold:   163        SH:  0    Dex: 10    Spells: 2 memorised, 13 levels left

rFire  x . .     SeeInvis .     r - +3 short sword (speed)
rCold  + . .     Gourm    .     c - +0 robe
rNeg   + . .     Faith    .     (no shield)
rPois  ∞         Spirit   .     (no helmet)
rElec  +         Dismiss  .     (no cloak)
rCorr  .         Reflect  .     (no gloves)
SustAt .         Harm     .     (no boots)
MR     .....                    (no amulet)
Stlth  ++........               j - +4 ring of intelligence
                                m - ring of ice

@: not resistant to hostile enchantments, unstealthy
A: negative energy resistance 1, electricity resistance, unbreathing,
petrification resistance, rot immunity, AC +4
a: no special abilities


You were on level 4 of the Dungeon.
You were not hungry.

You visited 1 branch of the dungeon, and saw 4 of its levels.

You collected 219 gold pieces.
You spent 56 gold pieces at shops.

Inventory:

Hand Weapons
 n - a +0 mace
 q - a +0 hunting sling
 r - a +3 short sword of speed (weapon)
 x - a cursed -2 long sword
 A - a +2 dire flail of protection
Missiles
 b - 127 stones (quivered)
Armour
 c - a +0 robe (worn)
Jewellery
 j - a +4 ring of intelligence (right hand)
 m - a ring of ice (left hand)
Wands
 w - a wand of confusion (16/48)
 y - a wand of flame (18/48)
Scrolls
 h - 3 scrolls of magic mapping {unknown}
 i - 6 scrolls of identify
 o - a scroll of remove curse
 t - a scroll of amnesia {unknown}
Potions
 a - a potion of flight {unknown}
 f - 5 potions of curing
 k - a potion of magic {unknown}
 p - 2 potions of agility {unknown}
 s - a potion of ambrosia {unknown}
 v - 2 potions of degeneration {unknown}
 z - a potion of might {unknown}
Books
 e - a book of Geomancy

   Spells                             Type                      Level
   a - Sandblast                      Earth                        1
   b - Passwall                       Transmutation/Earth          2
   c - Stone Arrow                    Conjuration/Earth            3
   d - Petrify                        Transmutation/Earth          4
   e - Lee's Rapid Deconstruction     Earth                        5
Comestibles
 d - 3 bread rations
 g - 2 chunks of flesh
 l - a meat ration
 u - 2 fruits


   Skills:
 - Level 1.5 Dodging
 - Level 2.1 Stealth
 * Level 5.7 Spellcasting
 + Level 3.7 Conjurations
   Level 0.7 Transmutations
 + Level 6.2 Earth Magic


You had 13 spell levels left.
You knew the following spells:

 Your Spells              Type           Power        Failure   Level  Hunger
a - Sandblast             Erth           ####..       1%          1    None
b - Stone Arrow           Conj/Erth      ####..       4%          3    ##.....


Dungeon Overview and Level Annotations

Branches:
Dungeon (4/15)
 Temple: D:4-7

Altars:
Dithmenos
The Shining One

Shops:
D:4 *

Annotations:
D:4 Pikel


Innate Abilities, Weirdness & Mutations

You are resistant to torment.
Your stone body is resilient. (AC +4)
You are immune to poison.
You resist negative energy. (rN+)
You are resistant to electric shocks. (rElec)
You can survive without breathing.
You are immune to petrification.
You are immune to rotting.


Message History

Pikel is severely wounded.
Pikel hits you with a whip of flaming. Pikel burns you.
You miss Pikel.
Pikel is severely wounded.
Pikel barely misses you.
You puncture Pikel!
Pikel is almost dead.
You closely miss Pikel.
Pikel is almost dead.
Pikel hits you with a whip of flaming. Pikel burns you.
You hit Pikel but do no damage.
Pikel is almost dead.
Pikel hits you with a whip of flaming. Pikel burns you.
* * * LOW HITPOINT WARNING * * *
You hit Pikel.
Pikel is almost dead.
Pikel hits you with a whip of flaming.
* * * LOW HITPOINT WARNING * * *
Pikel burns you.
You die...

### ### ### #############.#
##.####.#
#.............###.......#
#.###########.#.@..####.# #.#
#.....#.#K#<......# #.#
#.###+#'#.############### #.#
#.#<.......)............#
..#####.#.[....##..s#########.#
...)...........''...'.......#.###
#######.#......##...#######...#..
#.#......##...# ##..#..
#######.#......#############..#..


You could see Pikel.

Vanquished Creatures
  Grinder (D:4)
  Edmund (D:4)
  3 slaves (D:4)
  A giant frog (D:4)
  A scorpion (D:4)
  Natasha (twice) (D:4)
  A worker ant (D:3)
  4 adders
  4 gnolls
  2 oozes
  An adder skeleton (D:4)
  4 worms
  A dart slug (D:4)
  4 giant geckos
  4 orcs (D:4)
  2 ball pythons (D:1)
  11 bats
  10 goblins
  7 hobgoblins
  3 jackals (D:3)
  11 kobolds
  5 quokkas
  6 giant newts
  8 rats
97 creatures vanquished.

Vanquished Creatures (others)
  14 fungi (D:4)
14 creatures vanquished.

Grand Total: 111 creatures vanquished

Notes
Turn   | Place    | Note
-------+----------+-------------------------------------------
     0 | D:1      | mrath the Gargoyle Earth Elementalist began the quest for the Orb.
     0 | D:1      | Reached XP level 1. HP: 10/10 MP: 3/3
   397 | D:1      | Reached XP level 2. HP: 14/15 MP: 1/5
  1049 | D:1      | Reached XP level 3. HP: 19/19 MP: 5/7
  1077 | D:1      | Reached skill level 4 in Earth Magic
  1109 | D:1      | Learned a level 3 spell: Stone Arrow
  1308 | D:2      | Found a shadowy altar of Dithmenos.
  1674 | D:2      | Reached XP level 4. HP: 14/24 MP: 1/8
  2050 | D:2      | Reached skill level 1 in Conjurations
  2745 | D:2      | Reached XP level 5. HP: 28/28 MP: 3/10
  3344 | D:3      | Found a glowing golden altar of the Shining One.
  3694 | D:3      | Reached skill level 5 in Earth Magic
  4132 | D:4      | Reached XP level 6. HP: 32/32 MP: 5/12
  4596 | D:4      | Noticed Natasha
  4596 | D:4      | Noticed a slave
  4597 | D:4      | Noticed Pikel
  4597 | D:4      | Noticed a slave
  4597 | D:4      | Noticed a slave
  4604 | D:4      | Killed Natasha
  4646 | D:4      | Killed a slave
  4794 | D:4      | Noticed Grinder
  4807 | D:4      | Killed Grinder
  4807 | D:4      | Reached skill level 5 in Spellcasting
  4807 | D:4      | Reached XP level 7. HP: 36/36 MP: 0/14
  4907 | D:4      | Noticed Natasha
  4914 | D:4      | Killed Natasha
  5016 | D:4      | Found Kiuph's General Store.
  5024 | D:4      | Bought a scroll of identify for 28 gold pieces
  5024 | D:4      | Bought a scroll of identify for 28 gold pieces
  5076 | D:4      | Noticed Edmund
  5116 | D:4      | Killed Edmund
  5116 | D:4      | Reached skill level 6 in Earth Magic
  5891 | D:4      | Slain by Pikel

Vault maps used:
D:1:      minmay_arrival_plants_in_alcoves, fountainhead
D:2:      nicolae_dithmenos_shadow_blocks, minmay_misc_feat_hallway,
          minivault_25, minmay_hexomino_c4
D:3:      first_bread, tso_metal_star
D:4:      old_forge, grunt_temple_overflow_lords_of_destruction, serial_shops,
          shop, minmay_parallelograms, minmay_misc_feat_columns, uniq_grinder,
          uniq_edmund, uniq_natasha, uniq_pikel

Skill      XL: |  1  2  3  4  5  6  7 |
---------------+----------------------+-----
Spellcasting   | 3 4 5 |  5.7
Earth Magic    | 4 5 6 |  6.2
Conjurations   | 1 2 3 |  3.7
Dodging        | |  1.5
Stealth        | |  2.1
Transmutations | |  0.7

Action                   |  1- 3 |  4- 6 |  7- 9 || total
-------------------------+-------+-------+-------++-------
Melee: Whip              |    31 |       |       ||    31
       Mace              |    30 |    13 |       ||    43
       Short sword       |       |    74 |    38 ||   112
Throw: Stone             |       |     5 |       ||     5
 Cast: Sandblast         |    46 |    20 |    13 ||    79
       Stone Arrow       |       |    34 |    17 ||    51
  Use: Scroll            |       |     7 |     1 ||     8
 Stab: Sleeping          |       |     1 |       ||     1
  Eat: Chunk             |     3 |    12 |     4 ||    19
Armor: Robe              |    20 |    31 |    29 ||    80
Dodge: Dodged            |    65 |    57 |    61 ||   183
